Unix NetHack Version 3.7.0-102 Work-in-progress - last build Apr 7 2024 00:22:53 (d302a6a9ff6341f1a922d8f5af178406b35fdf99,branch:master). Game began 2024-04-21 23:11:44, ended 2024-04-21 23:41:18. Zega, chaotic male elven Wizard ------------------ -----...%.......%.....- --.....----.......---...- ....----- ----.|..- ...%. |...@-. ----- --.. |...a0 |*. --.-- --|.- |.- |..|.| --- ---... --....| |..----...(.. |.....| .|.......---.- --....| |.........| --.... |.........| |..^-. --......--- --....| --.......| --....-- |........ |.[....| |....... --.....| --.--.| |...-- --- Zega the Thaumaturge St:12 Dx:15 Co:12 In:15 Wi:14 Ch:10 Chaotic S:2156 Dlvl:6 $:62 HP:0(40) Pw:59(69) AC:5 Xp:6/461 T:2661 Latest messages: What do you want to put on? [dey or ?*] ? Which ring-finger, Right or Left? [rl] l y - an uncursed ring of free action (on left hand). You see here 6 rocks. You were wearing an uncursed greased burnt +0 cloak of magic resistance. The gnome lord throws a dagger! You are hit by a dagger. You fail to cast the spell correctly. Pick an object. You hit the gray ooze. You hit the gray ooze! The gnome lord picks up a dagger. In what direction? k The spell hits the gnome lord! You kill the gnome lord! You kill the gray ooze! There are many objects here. Q - a pear. What do you want to wear? [buI or ?*] ? You are now wearing a cloak of magic resistance. You miss the gnome. You hit the gnome. You hit the gnome! You miss the gnome. You kill the gnome! There are several objects here. There is a gnome lord corpse here; eat it? [ynq] (n) y This gnome lord corpse is stringy. You stop eating the gnome lord corpse. In what direction? k The spell hits the giant bat! You kill the giant bat! There is a partly eaten gnome lord corpse here; eat it? [ynq] (n) y You resume your meal. You finish eating the gnome lord corpse. You see here a giant bat corpse. You see here a gnome corpse. You see here a jackal corpse. The dwarf hits! The gnome wields a thonged club! You hit the dwarf. You hit the dwarf. The dwarf hits! In what direction? b The spell hits the dwarf! You kill the dwarf! You hear something shatter! The giant beetle bites! You die... Do you want your possessions identified? [ynq] (y) q Inventory: Coins $ - 62 gold pieces Weapons E - the +0 Sting (weapon in left hand) a - a blessed +1 quarterstaff Armor u - a cursed -1 helm of opposite alignment b - an uncursed greased burnt +0 cloak of magic resistance (being worn) I - a cursed +0 mummy wrapping M - an uncursed +0 elven mithril-coat (being worn) Comestibles Q - an uncursed pear Scrolls r - an uncursed scroll of create monster C - 2 uncursed scrolls of enchant weapon i - an uncursed scroll of identify k - a blessed scroll of light D - an uncursed scroll of light j - an uncursed scroll of magic mapping P - an uncursed scroll of punishment Spellbooks G - an uncursed spellbook of cancellation l - a blessed spellbook of force bolt Potions h - an uncursed potion of polymorph p - an uncursed potion of speed f - an uncursed potion of water Rings y - an uncursed ring of free action (on left hand) e - an uncursed ring of searching d - an uncursed ring of see invisible Wands c - a wand of slow monster (0:3) Tools z - an uncursed leash n - a magic marker (0:19) O - a cursed oil lamp Gems/Stones q - 2 uncursed worthless pieces of yellowish brown glass Zega the Wizard's attributes: Background: You were a Thaumaturge, a level 6 male elven Wizard. You were chaotic, on a mission for Anhur who was opposed by Ptah (lawful) and Thoth (neutral). You were left-handed. You were in the Gnomish Mines, on level 6. You entered the dungeon 2661 turns ago. It was nighttime. You had 461 experience points, 179 more were needed to attain level 7. Your score was 2156 before end-of-game adjustments. Basics: You had 0 out of 40 hit points. You had 59 out of 69 energy points (spell power). Your armor class was 5. Your wallet contained 62 zorkmids. Autopickup was on for '$"=/!?' plus thrown. Final Characteristics: Your strength was 12 (limit:18). Your dexterity was 15 (limit:18). Your constitution was 12 (limit:16). Your intelligence was 15 (limit:20). Your wisdom was 14 (limit:20). Your charisma was 10 (limit:18). Final Status: You weren't hungry. You were unencumbered. You were wielding a dagger. You had basic skill with dagger. Final Attributes: You were piously aligned. You were magic-protected. You were sleep resistant. You were aware of the presence of orcs. You had infravision. You were guarded. You had free action. You are dead. Miscellaneous: You disabled loading of bones levels. Total elapsed playing time was 29 minutes and 31 seconds. Major events: Turn 1: Zega the chaotic male elven Wizard entered the dungeon 908: attained the rank of Conjurer (level 3) 1043: entered the Gnomish Mines 1211: chose an elven dagger to be named "Sting" 2345: attained the rank of Thaumaturge (level 6) 2661: killed by a giant beetle Vanquished creatures: a bugbear a rock piercer 6 fog clouds 5 gnome leaders a kobold mummy a gray ooze a straw golem a floating eye 4 dwarves a kobold shaman a rabid rat a giant bat an iguana an acid blob 6 hobbits 2 hobgoblins 2 giant rats 5 cave spiders 2 yellow molds 12 gnomes 4 geckos 5 jackals a kobold 2 goblins a sewer rat 2 grid bugs a lichen 6 newts 77 creatures vanquished. No species were genocided or became extinct. Voluntary challenges: You read items or engraved 5 times. You never engraved Elbereth. You never genocided any monsters. You never polymorphed an object. You never changed form. You used no wishes. Achievements: You entered a shop. You attained the rank of Conjurer. You entered the Gnomish Mines. You attained the rank of Thaumaturge. The Dungeons of Doom: levels 1 to 5 Level 1: Level 2: A fountain. Level 3: Level 4: An altar to Anhur, some fountains, a grave. Stairs down to The Gnomish Mines. Level 5: The Gnomish Mines: levels 5 to 6 Level 5: Level 6: <- You were here. Final resting place for you, killed by a giant beetle. Game over: ---------- / \ / REST \ / IN \ / PEACE \ / \ | Zega | | 62 Au | | killed by a | | giant beetle | | | | | | 2024 | *| * * * | * _________)/\\_//(\/(/\)/\//\/|_)_______ Goodbye Zega the Wizard... You died in The Gnomish Mines on dungeon level 6 with 2150 points, and 62 pieces of gold, after 2661 moves. You were level 6 with a maximum of 40 hit points when you died.